 Dungeon Crawl Stone Soup version 0.20.1-1-g8b1a95d (webtiles) character file.

220 letownia2 the Grave Robber (level 5, 0/42 HPs)
             Began as a Deep Dwarf Necromancer on Dec 27, 2017.
             Slain by a worker ant (2 damage)
             ... on level 6 of the Dungeon.
             The game lasted 00:08:40 (2033 turns).

letownia2 the Grave Robber (Deep Dwarf Necromancer) Turns: 2033, Time: 00:08:41

Health: 0/42       AC:  6    Str: 12    XL:     5   Next: 64%
Magic:  0/9        EV: 11    Int: 16    God:
Gold:   156        SH:  0    Dex: 13    Spells: 6/10 levels left

rFire    . . .     SeeInvis .   E - +1 flail (crush)
rCold    . . .     Gourm    .   (no shield)
rNeg     . . .     Faith    +   D - +0 ring mail
rPois    .         Spirit   .   (no helmet)
rElec    .         Reflect  .   (no cloak)
rCorr    .         Harm     .   l - +0 pair of gloves
MR       .....                  (no boots)
Stlth    +.........             q - amulet of faith
Regen    0.0/turn               (no ring)
MPRegen  0.2/turn               (no ring)

@: non-regenerating
A: damage resistance, heal wounds, sense surroundings 1, no regeneration
a: Heal Wounds


You were on level 6 of the Dungeon.
You were hungry.

You visited 1 branch of the dungeon, and saw 6 of its levels.

You collected 156 gold pieces.

Inventory:

Hand Weapons
 a - a +0 club
 k - a +0 hunting sling
 C - a +0 flail
 E - a +1 flail of crushing (weapon)
Missiles
 m - 38 bolts
 x - a throwing net (quivered)
Armour
 j - a +0 robe
 l - a +0 pair of gloves (worn)
 D - a +0 ring mail (worn)
Jewellery
 q - an amulet of faith (around neck)
Wands
 p - a wand of polymorph (13/24)
 B - a wand of iceblast (8/15)
Scrolls
 g - 4 scrolls of teleportation {unknown}
 h - 3 scrolls of identify {unknown}
 i - a scroll of recharging {unknown}
 t - a scroll of enchant armour {unknown}
 v - 3 scrolls of remove curse {unknown}
 y - a scroll of magic mapping {unknown}
 z - a scroll of random uselessness {unknown}
 A - 2 scrolls of amnesia {unknown}
Potions
 d - a potion of might {unknown}
 e - a potion of agility {unknown}
 f - a potion of curing {unknown}
 n - a potion of lignification {unknown}
 o - a potion of resistance {unknown}
 r - a potion of invisibility {unknown}
 s - a potion of haste {unknown}
 w - a potion of flight {unknown}
Books
 b - a book of Necromancy

   Spells                             Type                      Level
   a - Pain                           Necromancy                   1
   b - Animate Skeleton               Necromancy                   1
   c - Vampiric Draining              Necromancy                   3
   d - Regeneration                   Charms/Necromancy            3
   e - Animate Dead                   Necromancy                   4
   f - Control Undead                 Necromancy                   4
Comestibles
 c - a bread ration
 u - 3 chunks of flesh


   Skills:
 - Level 2.1 Dodging
 - Level 2.4 Stealth
 + Level 3.0 Spellcasting
 + Level 6.9 Necromancy


You had 6 spell levels left.
You knew the following spells:

 Your Spells              Type           Power        Failure   Level  Hunger
a - Pain                  Necr           ###.         2%          1    #......
v - Vampiric Draining     Necr           ###.......   8%          3    ###....


Dungeon Overview and Level Annotations

Branches:
Dungeon (6/15)
 Temple: D:4-7

Altars:
Elyvilon
Qazlal
Zin

Shops:
D:4 :

Annotations:
D:2 Natasha
D:5 2 exclusions


Innate Abilities, Weirdness & Mutations

You are resistant to damage.
You can heal yourself by infusing magical energy.
You passively map a small area around you.
You do not regenerate.


Message History

Casting: Pain
Confirm with . or Enter, or press ? or * to list all spells.
Aiming: Vampiric Draining
Press: ? - help, Shift-Dir - straight line, f - worker ant
Aim: a worker ant The worker ant is moderately wounded.
You feel life coursing into your body.
You are feeling hungry.
The worker ant bites you.
* * * LOW HITPOINT WARNING * * *
Unknown command.
You barely miss the worker ant.
The worker ant is moderately wounded.
The worker ant bites you but does no damage.
The worker ant barely misses you.
You barely miss the worker ant.
The worker ant is moderately wounded.
The leopard gecko hisses angrily.
The worker ant bites you.
You die...

* ##....l..... *
#.........., ........., ,
* ......F, , , ..... , ,
# ,,... , ##. , *
#.############.. ,
##@.............#* , *
#..a...... .....# , *
#.######## #...#
##.......## #..## *
#.........## #.<.# ,, *
#..........# #...##
........... ##..........#
#....#
...........##...........#
#..#..
...........#............#
#..##g


You could see a bullfrog (wandering), a worker ant and a leopard gecko.

Vanquished Creatures
  A scorpion (D:4)
  A hound (D:4)
  An orc wizard (D:6)
  2 worker ants
  3 gnolls (D:6)
  A howler monkey skeleton (D:4)
  A worm (D:5)
  A dart slug (D:1)
  A leopard gecko (D:5)
  2 orcs (D:6)
  A giant cockroach (D:2)
  2 jackals (D:4)
  4 quokkas
  A bat (D:1)
  4 frilled lizards
  A goblin (D:3)
  A kobold (D:2)
  A rat (D:3)
29 creatures vanquished.

Notes
Turn   | Place    | Note
-------+----------+-------------------------------------------
     0 | D:1      | letownia2 the Deep Dwarf Necromancer began the quest for the Orb.
     0 | D:1      | Reached XP level 1. HP: 15/15 MP: 3/3
   143 | D:2      | Found a white marble altar of Elyvilon.
   163 | D:2      | Noticed Natasha
   339 | D:3      | Reached XP level 2. HP: 14/22 MP: 1/5
   551 | D:4      | Reached skill level 5 in Necromancy
   604 | D:4      | Found Runoox's Book Boutique.
   747 | D:4      | Noticed a scorpion
   752 | D:4      | Killed a scorpion
   752 | D:4      | Reached XP level 3. HP: 12/28 MP: 1/6
   752 | D:4      | Reached XP level 4. HP: 15/36 MP: 1/7
   757 | D:4      | Learned a level 3 spell: Vampiric Draining
   813 | D:4      | Reached skill level 6 in Necromancy
  1312 | D:5      | Entered Level 5 of the Dungeon
  1312 | D:5      | Found a glowing silver altar of Zin.
  1320 | D:5      | Noticed an ogre
  1327 | D:5      | Found a stormy altar of Qazlal.
  1407 | D:5      | Noticed an ogre
  1725 | D:6      | Reached XP level 5. HP: 11/42 MP: 0/8
  1756 | D:6      | HP: 1/42 [worker ant (2)]
  2002 | D:6      | HP: 1/42 [gnoll/spear (6)]
  2031 | D:6      | HP: 2/42 [worker ant (2)]
  2033 | D:6      | Slain by a worker ant

Skill      XL: |  1  2  3  4  5 |
---------------+----------------+-----
Spellcasting   | 2 3 |  3.0
Necromancy     | 5 6 |  6.9
Dodging        | |  2.1
Stealth        | |  2.4

Action                   |  1- 3 |  4- 6 || total
-------------------------+-------+-------++-------
Melee: Unarmed           |     1 |     7 ||     8
       Club              |    17 |       ||    17
       Flail             |       |    14 ||    14
 Cast: Pain              |    21 |    19 ||    40
       Vampiric Draining |       |    14 ||    14
Evoke: Wand              |       |     1 ||     1
 Stab: Sleeping          |     1 |       ||     1
       Confused          |       |     1 ||     1
  Eat: Chunk             |       |     5 ||     5
Armor: Robe              |     3 |     2 ||     5
       Ring mail         |       |     6 ||     6
Dodge: Dodged            |    21 |    16 ||    37
